 Dungeon Crawl Stone Soup version 0.30-a0-393-g54b8e3be05 (webtiles) character file.

Game seed: 4169695296050623849

57 porpoise the Slasher (level 3, -3/29 HPs)
             Began as a Demonspawn Monk on Dec 6, 2022.
             Slain by Natasha (7 damage)
             ... on level 2 of the Dungeon.
             The game lasted 00:03:43 (977 turns).

porpoise the Slasher (Demonspawn Monk)               Turns: 977, Time: 00:03:43

Health: -3/29      AC:  3    Str: 11    XL:     3   Next: 73%
Magic:  3/3        EV: 12    Int: 11    God:
Gold:   13         SH:  4    Dex: 19    Spells: 2/2 levels left

rFire   . . .      SeeInvis .    a - +0 falchion
rCold   . . .      Faith    .    m - +0 buckler
rNeg    . . .      Spirit   .    h - +0 leather armour
rPois   .          Reflect  .    (no helmet)
rElec   .          Harm     .    (no cloak)
rCorr   .          Rampage  .    (no gloves)
Will    .....                    (no boots)
Stlth   +++.......               (no amulet)
HPRegen 0.24/turn                (no ring)
MPRegen 0.08/turn                (no ring)

@: no status effects
A: thin skeletal structure 1
a: no special abilities


You were on level 2 of the Dungeon.
You visited 1 branch of the dungeon, and saw 2 of its levels.

You collected 13 gold pieces.

Inventory:

Hand Weapons
 a - a +0 falchion (weapon)
Armour
 h - a +0 leather armour (worn)
 m - a +0 buckler (worn)
Jewellery
 j - an amulet of guardian spirit
Scrolls
 b - 2 scrolls of teleportation {unknown}
 e - a scroll of identify {unknown}
 f - a scroll of fear {unknown}
 k - a scroll of blinking {unknown}
 n - a scroll of vulnerability {unknown}
 o - a scroll of torment {unknown}
Potions
 c - a potion of ambrosia
 d - 2 potions of curing {unknown}
 g - 2 potions of haste {unknown}
 i - 2 potions of degeneration {unknown}
 l - a potion of brilliance {unknown}


   Skills:
 + Level 3.6 Fighting
 * Level 3.8 Long Blades
 - Level 2.6 Dodging
 - Level 1.7 Stealth


You had 2 spell levels left.
You didn't know any spells.
Your spell library was empty.

Dungeon Overview and Level Annotations

Branches:
Dungeon (2/15)

Altars:

Annotations:
D:2 Natasha


Innate Abilities, Weirdness & Mutations

You have a somewhat thin skeletal structure. (Dex +2, Stealth+)


Message History

b - 2 scrolls labelled LUCUUKHL KUSE (gained 1)
The frilled lizard hisses angrily.
The frilled lizard barely misses you.
You hit the frilled lizard.
You kill the frilled lizard!
Natasha stares at you and mumbles some strange words.
The magic dart hits you! Natasha claws you!
You are too injured to fight recklessly!
You are too injured to fight recklessly!
You barely miss Natasha. Natasha claws you.
* * * LOW HITPOINT WARNING * * *
You barely miss Natasha.
Natasha stares at you and mumbles some strange words.
You resist with significant effort.
You closely miss Natasha. Natasha barely misses you. x2
You hit Natasha.
Natasha is lightly wounded.
Natasha barely misses you.
You hit Natasha.
Natasha is moderately wounded.
Natasha claws you but does no damage.
You closely miss Natasha.
Natasha is moderately wounded.
Natasha barely misses you.
You completely miss Natasha.
Natasha is moderately wounded.
Natasha misses you.
You barely miss Natasha.
Natasha is moderately wounded.
Natasha claws you!
* * * LOW HITPOINT WARNING * * *
You hit Natasha.
Natasha is heavily wounded.
Natasha closely misses you.
You hit Natasha.
Natasha is almost dead.
Natasha stares at you and mumbles some strange words.
You resist with significant effort. Natasha claws you!
You die...

#.# .# #.# #.# ##
#.# ...# ..#
#.####...# #.#
#.#......
#####.######.#...#
#.............h.#
###.........†..@.#
#................#
#)#..>...........#
#.#..............#
#.#......(..>....#
#.#..<...........#
#.#..............#
#.#.................
#.#.............####


You could see Natasha.

Vanquished Creatures
  Jessica (D:2)
  3 bats (D:1)
  2 endoplasms
  A giant cockroach (D:1)
  5 hobgoblins
  2 quokkas (D:1)
  2 ball pythons (D:1)
  3 frilled lizards
  3 goblins (D:1)
  6 kobolds (D:1)
  A rat (D:2)
29 creatures vanquished.

Notes
Turn   | Place    | Note
-------+----------+-------------------------------------------
     0 | D:1      | porpoise the Demonspawn Monk began the quest for the Orb.
     0 | D:1      | Reached XP level 1. HP: 18/18 MP: 1/1
   196 | D:1      | Gained mutation: You have a somewhat thin skeletal
                  | structure. (Dex +2, Stealth+) [demonic ancestry]
   196 | D:1      | Reached XP level 2. HP: 21/24 MP: 2/2
   875 | D:2      | Noticed Jessica
   875 | D:2      | Noticed Natasha
   883 | D:2      | Reached XP level 3. HP: 27/29 MP: 3/3
   887 | D:2      | Killed Jessica
   977 | D:2      | Slain by Natasha

Illustrated notes

Levels and vault maps discovered:
D:1:      dpeg_arrival_orchard, layout_basic
D:2:      layout_basic, basic_altar, serial_shops, nicolae_shop_hallway_plus,
          uniq_jessica, uniq_natasha

Skill      XL: |  1 |
---------------+----+-----
Long Blades    | 3 |  3.8
Fighting       | |  3.6
Dodging        | |  2.6
Stealth        | |  1.7

Action                   || total
-------------------------++-------
Melee: Falchion          ||   100
 Stab: Sleeping          ||     7
Armor: Leather armour    ||    19
Dodge: Dodged            ||    52
Block: Buckler           ||     6

Table legend: (Time is in decaauts)
 A = Elapsed time spent in this place.
 B = Non-inter-level travel time spent in this place.
 C = Inter-level travel time spent in this place.
 D = Time resting spent in this place.
 E = Time spent auto-exploring this place.
 F = Levels seen in this place.
 G = Mean time per level.
                   A        B        C        D        E       F      G
               +--------+--------+--------+--------+--------+-----+--------+
         Total |    991 |    935 |     56 |    243 |    396 |   2 |  495.5 |
       Dungeon |    991 |    935 |     56 |    243 |    396 |   2 |  495.5 |
               +--------+--------+--------+--------+--------+-----+--------+

Top non-repeatable levels by time:
     D:1: 826 daAuts
     D:2: 164 daAuts
